NYP
STATE COLLEGE SPIKES @ WEST VIRGINIA BLACK BEARS
07/01/2044
 
TOP OF THE 1ST
State College Spikes batting - Pitching for West Virginia Black Bears : RHP Franklin Amaro
Pitching: RHP Franklin Amaro
Batting: SHB Jason Kirby 0-0: Ball
1-0: Bunt missed!
1-1: DOUBLE (Flyball, 78XD, EV 105.6 MPH)
Batting: LHB Adam Eisen 0-0: Called Strike
0-1: Ground out 4-3 (Groundball, 4MD, EV 85.6 MPH)
Jason Kirby to third
Batting: LHB Jayden Thomas 0-0: Ball
1-0: SINGLE (Groundball, 4MS, EV 65.6 MPH) (infield hit)
Jason Kirby scores
Batting: RHB Mark Marks 0-0: Called Strike
0-1: Swinging Strike
0-2: Ball
1-2: Ball
2-2: Ball
3-2: Ground out 1-3 (Groundball, 15S, EV 63.8 MPH)
Jayden Thomas to second
Batting: RHB Mark Cahill 0-0: Ball
1-0: Ball
2-0: Ball
3-0: Called Strike
3-1: Called Strike
3-2: Ground out 5-3 (Groundball, 5, EV 84.4 MPH)
Top of the 1st over - 1 run, 2 hits, 0 errors, 1 left on base; State College 1 - West Virginia 0
BOTTOM OF THE 1ST
West Virginia Black Bears batting - Pitching for State College Spikes : RHP Mike Zimmerly
Pitching: RHP Mike Zimmerly
Batting: LHB Donald Imre 0-0: SINGLE (Groundball, 4MD, EV 105.0 MPH)
Batting: LHB Gregg Kellerman 0-0: Swinging Strike
0-1: Ball
1-1: Called Strike
1-2: Foul Ball, location: 2F
1-2: Strikes out swinging
Batting: RHB Jose Almonte 0-0: Ball
1-0: Called Strike
1-1: Called Strike
1-2: Foul Ball, location: 2F
1-2: Strikes out swinging
Batting: RHB Chris Pozzi 0-0: Called Strike
0-1: Ball
1-1: Ball
2-1: Foul Ball, location: 2F
2-2: Ball
3-2: Base on Balls
Donald Imre to second
Batting: LHB Brandon Sarni 0-0: Called Strike
0-1: Foul Ball, location: 2F
0-2: Strikes out looking
Bottom of the 1st over - 0 runs, 1 hit, 0 errors, 2 left on base; State College 1 - West Virginia 0
TOP OF THE 2ND
State College Spikes batting - Pitching for West Virginia Black Bears : RHP Franklin Amaro
Batting: RHB Immel Kamuzu 0-0: Ball
1-0: Called Strike
1-1: Swinging Strike
1-2: Ball
2-2: Strikes out looking
Batting: RHB Francisco Vargas 0-0: Foul Ball, location: 2F
0-1: Ground out 6-3 (Groundball, 4MD, EV 86.9 MPH)
Batting: RHB Chris LaReau 0-0: Called Strike
0-1: Fly out, F9 (Flyball, 9D, EV 106.9 MPH)
Top of the 2nd over - 0 runs, 0 hits, 0 errors, 0 left on base; State College 1 - West Virginia 0
BOTTOM OF THE 2ND
West Virginia Black Bears batting - Pitching for State College Spikes : RHP Mike Zimmerly
Batting: RHB John Goynes 0-0: Called Strike
0-1: Ball
1-1: Ball
2-1: SINGLE (Groundball, 56D, EV 108.1 MPH)
Batting: RHB Richard Barrios 0-0: Called Strike
0-1: 2-RUN HOME RUN (Flyball, 78XD, EV 105.6 MPH), Distance : 424 ft
Batting: RHB Steve Dennis 0-0: Called Strike
0-1: SINGLE (Groundball, 4MD, EV 105.0 MPH)
Batting: RHB Junki Nakamoto 0-0: Ball
1-0: Called Strike
1-1: Swinging Strike
1-2: Foul Ball, location: 2F
1-2: Fielders Choice at 2nd, 4-6 (Groundball, 4, EV 110.6 MPH)
Batting: LHB Donald Imre 0-0: Ball
1-0: Called Strike
Pickoff Throw to First - Out! 1-3
1-1: Foul Ball, location: 2F
1-2: Strikes out looking
Bottom of the 2nd over - 2 runs, 3 hits, 0 errors, 0 left on base; State College 1 - West Virginia 2
TOP OF THE 3RD
State College Spikes batting - Pitching for West Virginia Black Bears : RHP Franklin Amaro
Batting: LHB Dustin Horsley 0-0: Called Strike
0-1: Foul Ball, location: 2F
0-2: Ball
1-2: Strikes out looking
Batting: SHB Jason Kirby 0-0: Ball
1-0: Ball
2-0: Fly out, F7 (Flyball, 78S, EV 76.2 MPH)
Batting: LHB Adam Eisen 0-0: Swinging Strike
0-1: Foul Ball, location: 2F
0-2: Ball
1-2: Foul Ball, location: 2F
1-2: Ball
2-2: Ball
3-2: Strikes out swinging
Top of the 3rd over - 0 runs, 0 hits, 0 errors, 0 left on base; State College 1 - West Virginia 2
BOTTOM OF THE 3RD
West Virginia Black Bears batting - Pitching for State College Spikes : RHP Mike Zimmerly
Batting: LHB Gregg Kellerman 0-0: SINGLE (Flyball, 7, EV 89.4 MPH) - OUT at second base trying to stretch hit.
Batting: RHB Jose Almonte 0-0: Called Strike
0-1: SINGLE (Groundball, 56S, EV 65.6 MPH) (infield hit)
Batting: RHB Chris Pozzi 0-0: Foul Ball, location: 2F
Balk!
Jose Almonte to second
0-1: Foul Ball, location: 2F
0-2: Strikes out swinging
Batting: LHB Brandon Sarni 0-0: Called Strike
0-1: Ball
1-1: Foul Ball, location: 2F
1-2: Strikes out looking
Bottom of the 3rd over - 0 runs, 2 hits, 0 errors, 1 left on base; State College 1 - West Virginia 2
TOP OF THE 4TH
State College Spikes batting - Pitching for West Virginia Black Bears : RHP Franklin Amaro
Batting: LHB Jayden Thomas 0-0: Called Strike
0-1: Ball
1-1: Called Strike
1-2: Strikes out swinging
Batting: RHB Mark Marks 0-0: Called Strike
0-1: Foul Ball, location: 2F
0-2: Ball
1-2: Strikes out looking
Batting: RHB Mark Cahill 0-0: Ball
1-0: Called Strike
1-1: Foul Ball, location: 2F
1-2: Ball
2-2: Ball
3-2: SINGLE (Line Drive, 56D, EV 103.1 MPH)
Batting: RHB Immel Kamuzu 0-0: Called Strike
0-1: Ball
1-1: Ball
2-1: Called Strike
2-2: Ground out 4-3 (Groundball, 4, EV 78.1 MPH)
Top of the 4th over - 0 runs, 1 hit, 0 errors, 1 left on base; State College 1 - West Virginia 2
BOTTOM OF THE 4TH
West Virginia Black Bears batting - Pitching for State College Spikes : RHP Mike Zimmerly
Batting: RHB John Goynes 0-0: SINGLE (Groundball, 4MD, EV 100.6 MPH)
Batting: RHB Richard Barrios 0-0: Ball
1-0: Called Strike
1-1: Grounds into double play, 6-4-3 (Groundball, 6, EV 105.0 MPH)
Batting: RHB Steve Dennis 0-0: Called Strike
0-1: Foul Ball, location: 2F
0-2: Ball
1-2: Ball
2-2: SINGLE (Groundball, 6D, EV 96.9 MPH)
Batting: RHB Junki Nakamoto 0-0: Ball
1-0: SINGLE (Groundball, 56D, EV 104.4 MPH)
Steve Dennis to second
Batting: LHB Donald Imre 0-0: Called Strike
0-1: Foul Ball, location: 2F
0-2: Ball
1-2: Ball
2-2: Ball
3-2: Base on Balls
Steve Dennis to third
Junki Nakamoto to second
Batting: LHB Gregg Kellerman 0-0: Swinging Strike
0-1: Ball
1-1: Called Strike
1-2: Ball
2-2: Foul Ball, location: 2F
2-2: Foul Ball, location: 2F
2-2: Ball
3-2: Hit by Pitch
Steve Dennis scores
Junki Nakamoto to third
Donald Imre to second
Batting: RHB Jose Almonte 0-0: Ball
1-0: Ball
2-0: Ball
3-0: Base on Balls
Junki Nakamoto scores
Donald Imre to third
Gregg Kellerman to second
Pitching: RHP Ed Puentes
Batting: RHB Chris Pozzi 0-0: Ground out 5-3 (Groundball, 56, EV 100.0 MPH)
Bottom of the 4th over - 2 runs, 3 hits, 0 errors, 3 left on base; State College 1 - West Virginia 4
TOP OF THE 5TH
State College Spikes batting - Pitching for West Virginia Black Bears : RHP Franklin Amaro
Batting: RHB Francisco Vargas 0-0: Ball
1-0: Ball
2-0: Called Strike
2-1: Fly out, F4 (Popup, 13, EV 86.9 MPH)
Batting: RHB Chris LaReau 0-0: DOUBLE (Flyball, 89D, EV 104.4 MPH)
Batting: LHB Dustin Horsley 0-0: Swinging Strike
0-1: Ball
1-1: Ball
2-1: Fly out, F4 (Flyball, 3D, EV 95.0 MPH)
Batting: SHB Jason Kirby 0-0: Ball
1-0: Ball
2-0: Foul Ball, location: 2F
2-1: Foul Ball, location: 2F
2-2: Foul Ball, location: 2F
2-2: Strikes out swinging
Top of the 5th over - 0 runs, 1 hit, 0 errors, 1 left on base; State College 1 - West Virginia 4
BOTTOM OF THE 5TH
West Virginia Black Bears batting - Pitching for State College Spikes : RHP Ed Puentes
Batting: LHB Brandon Sarni 0-0: Ball
1-0: Called Strike
1-1: Foul Ball, location: 2F
1-2: SINGLE (Groundball, 4MS, EV 68.1 MPH) (infield hit)
Batting: RHB John Goynes 0-0: Ball
1-0: Fly out, F8 (Flyball, 78S, EV 87.5 MPH)
Batting: RHB Richard Barrios 0-0: Called Strike
Brandon Sarni steals 2nd base
0-1: Fly out, F8 (Flyball, 89M, EV 78.1 MPH)
Runner from 2nd tags up, SAFE at 3rd with throw by CF
Batting: RHB Steve Dennis 0-0: Ball
1-0: Ball
2-0: Called Strike
2-1: Fly out, F6 (Popup, P, EV 83.8 MPH)
Bottom of the 5th over - 0 runs, 1 hit, 0 errors, 1 left on base; State College 1 - West Virginia 4
TOP OF THE 6TH
State College Spikes batting - Pitching for West Virginia Black Bears : RHP Franklin Amaro
Batting: LHB Adam Eisen 0-0: Ground out 6-3 (Groundball, 6, EV 84.4 MPH)
Batting: LHB Jayden Thomas 0-0: DOUBLE (Line Drive, 78D, EV 105.6 MPH)
Batting: RHB Mark Marks Balk!
Jayden Thomas to third
0-0: Ball
1-0: Fly out, F4 (Popup, 4M, EV 73.8 MPH)
Batting: RHB Mark Cahill 0-0: Ball
1-0: Ball
2-0: Foul Ball, location: 2F
2-1: SINGLE (Groundball, 6MD, EV 105.6 MPH)
Jayden Thomas scores
Batting: RHB Immel Kamuzu 0-0: Ball
Mark Cahill steals 2nd base
1-0: SINGLE (Groundball, 56D, EV 95.6 MPH)
Mark Cahill to third
Runner from 3rd tries for Home, SAFE, throw by LF to home
Immel Kamuzu to second
Batting: RHB Francisco Vargas 0-0: Ground out 1-3 (Groundball, 15S, EV 68.8 MPH)
Top of the 6th over - 2 runs, 3 hits, 0 errors, 1 left on base; State College 3 - West Virginia 4
BOTTOM OF THE 6TH
West Virginia Black Bears batting - Pitching for State College Spikes : RHP Ed Puentes
Batting: RHB Junki Nakamoto 0-0: Ball
1-0: Swinging Strike
1-1: Ball
2-1: Ball
3-1: Ground out 1-3 (Groundball, 13, EV 70.0 MPH)
Batting: LHB Donald Imre 0-0: DOUBLE (Line Drive, 3D, EV 95.0 MPH)
Batting: LHB Gregg Kellerman 0-0: Called Strike
0-1: Called Strike
0-2: Ground out 3-1 (Groundball, 34, EV 110.0 MPH)
Donald Imre to third
Batting: RHB Jose Almonte 0-0: Ball
1-0: Ball
2-0: Ball
3-0: Base on Balls
Batting: RHB Chris Pozzi 0-0: Called Strike
0-1: Ball
1-1: Swinging Strike
1-2: Ball
2-2: Foul Ball, location: 2F
2-2: SINGLE (Line Drive, 56D, EV 97.5 MPH)
Donald Imre scores
Jose Almonte to second
Batting: LHB Brandon Sarni 0-0: Ground out 5-3 (Groundball, 56S, EV 90.0 MPH)
Bottom of the 6th over - 1 run, 2 hits, 0 errors, 2 left on base; State College 3 - West Virginia 5
TOP OF THE 7TH
State College Spikes batting - Pitching for West Virginia Black Bears : RHP Franklin Amaro
Batting: RHB Chris LaReau 0-0: Ball
1-0: Ball
2-0: Foul Ball, location: 2F
2-1: Ball
3-1: Called Strike
3-2: Foul Ball, location: 2F
3-2: Base on Balls
Pitching: RHP Victor Medina
Batting: LHB Dustin Horsley 0-0: Called Strike
0-1: Ball
1-1: Called Strike
1-2: Foul Ball, location: 2F
1-2: Strikes out looking
Batting: SHB Jason Kirby 0-0: Swinging Strike
0-1: Called Strike
0-2: Ball
1-2: Ball
2-2: Ball
3-2: Foul Ball, location: 2F
3-2: Fly out, F9 (Line Drive, 9D, EV 100.6 MPH)
Batting: LHB Adam Eisen 0-0: Swinging Strike
0-1: Ball
1-1: Called Strike
1-2: Strikes out swinging
Top of the 7th over - 0 runs, 0 hits, 0 errors, 1 left on base; State College 3 - West Virginia 5
BOTTOM OF THE 7TH
West Virginia Black Bears batting - Pitching for State College Spikes : RHP Ed Puentes
Pitching: RHP Bryan Vandenburgh
Batting: RHB John Goynes 0-0: Ball
1-0: Called Strike
1-1: Swinging Strike
1-2: Ball
2-2: Ball
3-2: Base on Balls
Batting: RHB Richard Barrios 0-0: Ball
1-0: Foul Ball, location: 2F
1-1: SINGLE (Line Drive, 6M, EV 106.2 MPH)
John Goynes to second
Batting: RHB Steve Dennis 0-0: Called Strike
0-1: Ball
1-1: Ball
2-1: Called Strike
2-2: Foul Ball, location: 2F
2-2: Foul Ball, location: 2F
2-2: SINGLE (Flyball, 56D, EV 90.6 MPH)
John Goynes to third
Richard Barrios to second
Pinch Hitting: LHB Pat Baker 0-0: Ball
1-0: SINGLE (Groundball, 6, EV 98.1 MPH)
John Goynes scores
Richard Barrios to third
Steve Dennis to second
Runner from 3rd tries for Home, SAFE, throw by CF to home
Batting: LHB Donald Imre 0-0: Ball
1-0: Bunt missed!
1-1: Sac Bunt to 5S - play at first, batter OUT! 5-4
Steve Dennis to third
Pat Baker to second
Batting: LHB Gregg Kellerman 0-0: Ball
1-0: Ground out 6-3 (Groundball, 6M, EV 85.0 MPH)
Steve Dennis scores
Pat Baker to third
Batting: RHB Jose Almonte 0-0: Ball
1-0: Foul Ball, location: 2F
1-1: DOUBLE (Line Drive, 9LS, EV 101.9 MPH)
Pat Baker scores
Pitching: LHP Heath Maher
Batting: RHB Chris Pozzi 0-0: Ball
1-0: Ball
2-0: Ball
3-0: Base on Balls
Batting: LHB Brandon Sarni 0-0: Ball
1-0: Ball
2-0: Called Strike
2-1: Called Strike
2-2: Foul Ball, location: 2F
2-2: Foul Ball, location: 2F
2-2: Foul Ball, location: 2F
2-2: Fielders Choice at 2nd, 5-4 (Groundball, 56, EV 80.6 MPH)
Bottom of the 7th over - 4 runs, 4 hits, 0 errors, 2 left on base; State College 3 - West Virginia 9
TOP OF THE 8TH
State College Spikes batting - Pitching for West Virginia Black Bears : RHP Victor Medina
Now in CF: Mike Corley
Batting: LHB Jayden Thomas 0-0: Swinging Strike
0-1: Swinging Strike
0-2: Ball
1-2: Strikes out swinging
Batting: RHB Mark Marks 0-0: Foul Ball, location: 2F
0-1: Ball
1-1: Foul Ball, location: 2F
1-2: Foul Ball, location: 2F
1-2: SOLO HOME RUN (Flyball, 7D, EV 99.4 MPH), Distance : 383 ft
Batting: RHB Mark Cahill 0-0: Ball
1-0: Swinging Strike
1-1: Foul Ball, location: 2F
1-2: Ball
2-2: Foul Ball, location: 2F
2-2: Ball
3-2: Strikes out swinging
Batting: RHB Immel Kamuzu 0-0: DOUBLE (Flyball, 8LXD, EV 96.9 MPH)
Pitching: LHP Latrell Tisdale
Batting: RHB Francisco Vargas 0-0: Ball
1-0: Ball
2-0: Ground out 6-3 (Groundball, 6, EV 103.8 MPH)
Top of the 8th over - 1 run, 2 hits, 0 errors, 1 left on base; State College 4 - West Virginia 9
BOTTOM OF THE 8TH
West Virginia Black Bears batting - Pitching for State College Spikes : LHP Heath Maher
Batting: RHB John Goynes 0-0: Swinging Strike
0-1: Swinging Strike
0-2: Strikes out looking
Batting: RHB Richard Barrios 0-0: Ball
1-0: Foul Ball, location: 2F
1-1: Ground out 4-3 (Groundball, 4, EV 78.8 MPH)
Batting: RHB Steve Dennis 0-0: Ball
1-0: Swinging Strike
1-1: Swinging Strike
1-2: Strikes out swinging
Bottom of the 8th over - 0 runs, 0 hits, 0 errors, 0 left on base; State College 4 - West Virginia 9
TOP OF THE 9TH
State College Spikes batting - Pitching for West Virginia Black Bears : LHP Latrell Tisdale
Batting: RHB Chris LaReau 0-0: Ball
1-0: Foul Ball, location: 2F
1-1: Ball
2-1: Foul Ball, location: 2F
2-2: Ground out 4-3 (Groundball, 4, EV 82.5 MPH)
Batting: LHB Dustin Horsley 0-0: Ball
1-0: Fly out, F9 (Flyball, 9S, EV 83.1 MPH)
Batting: SHB Jason Kirby 0-0: Called Strike
0-1: Ball
1-1: Ball
2-1: Foul Ball, location: 2F
2-2: Ball
3-2: Ground out 4-3 (Groundball, 4S, EV 88.1 MPH)
Top of the 9th over - 0 runs, 0 hits, 0 errors, 0 left on base; State College 4 - West Virginia 9
Thursday, March 31st , 2022 - OOTP Baseball 22.12 Build 89